Map: Avalon Labs

Players

Crusader

  • Race: Zerg Zerg
  • Spawn Location: 6:00

SirNoName

  • Race: Protoss Protoss
  • Spawn Location: 6:00

Nachtrauch

  • Race: Protoss Protoss
  • Spawn Location: 5:00

Loken

  • Race: Zerg Zerg
  • League: Platinum
  • Spawn Location: 12:00

dallaskuken

  • Race: Protoss Protoss
  • League: Platinum
  • Spawn Location: 12:00

Myran

  • Race: Protoss Protoss
  • Spawn Location: 11:00

VOD

Have the link to the VOD?

Description

Time

  • Played on: March 14, 2017, 5:58 p.m.
  • Length: 11:05
Show
View Real Time Build Order
Export as new Build Order

Crusader Zerg 

Build Orders: Pool First 

Get SALT Encoding   

  12  0:01  Drone  
  13  0:12  Overlord  
  13  0:17  Drone  
  14  0:34  Spawning Pool  
  13  0:38  Drone  
  14  0:51  Drone  
  14  0:52  Drone x2  
  14  0:54  Extractor  
  16  1:18  Hatchery  
  16  1:25  Overlord  
  15  1:44  Zergling x2  
  15  1:45  Zergling x4  
  18  1:54  Queen  
  20  2:11  Metabolic Boost  
  20  2:12  Drone  
  20  2:13  Drone  
  22  2:30  Drone x2  
  24  2:43  Lair  
  24  2:48  Roach Warren  
  23  3:09  Zergling x12  
  28  3:45  Roach  
  28  3:46  Roach x2  
  34  3:49  Drone  
  34  3:50  Overlord x2  
  35  4:07  Queen  
  34  4:41  Roach x7  
  34  4:42  Roach  
  45  5:12  Extractor  
  44  5:15  Drone x2  
  44  5:16  Drone  
  47  5:26  Hatchery  
  46  5:45  Drone  
  47  5:56  Overseer  
  47  5:58  Ravager x3  
  47  6:00  Overlord x3  
  47  6:01  Overlord  
  40  6:56  Zergling x20  
  40  6:57  Zergling x4  
  52  7:03  Queen  
  52  7:05  Drone  
  55  7:12  Evolution Chamber x2  
  55  7:15  Drone  
  54  7:16  Glial Reconstitution  
  51  8:08  Zergling x2  
  51  8:09  Zergling x28  
  60  8:58  Zergling x18  
  59  9:14  Drone  
  60  9:19  Drone, Extractor  
  60  9:20  Extractor  
  60  9:23  Extractor  
  58  9:24  Extractor  
  58  9:26  Pneumatized Carapace  
  57  9:35  Evolution Chamber  
  40  10:17  Zergling x20  
  40  10:18  Zergling x16  
  42  10:34  Drone  
  43  10:39  Drone  
  44  10:51  Drone x2  
  44  10:53  Drone x2  
Show
View Real Time Build Order
Export as new Build Order

SirNoName Protoss 

Build Orders:  

Get SALT Encoding   

  12  0:02  Probe (Chrono Boost)  
  13  0:12  Probe (Chrono Boost)  
  14  0:20  Pylon  
  14  0:23  Probe (Chrono Boost)  
  15  0:38  Probe (Chrono Boost)  
  15  0:39  Forge  
  16  0:49  Probe (Chrono Boost)  
  17  1:02  Pylon  
  17  1:28  Pylon  
  17  1:36  Pylon  
  16  1:40  Pylon  
  16  1:45  Pylon  
  16  1:48  Photon Cannon  
  16  1:51  Photon Cannon  
  16  1:56  Pylon  
  16  2:06  Photon Cannon  
  16  2:13  Pylon  
  16  2:32  Pylon  
  16  2:34  Photon Cannon  
  16  2:47  Pylon  
  16  2:52  Photon Cannon  
  16  3:12  Photon Cannon  
  16  3:14  Gateway  
  16  3:21  Pylon  
  16  3:40  Photon Cannon  
  16  3:44  Photon Cannon  
  16  3:51  Probe (Chrono Boost)  
  17  4:02  Probe (Chrono Boost)  
  18  4:24  Assimilator  
  18  4:26  Probe (Chrono Boost)  
  18  4:28  Assimilator  
  18  4:29  Pylon  
  19  4:32  Gateway  
  19  4:36  Probe (Chrono Boost)  
  19  4:37  Pylon  
  20  4:47  Probe (Chrono Boost)  
  21  4:56  Pylon  
  21  5:09  Cybernetics Core  
  21  5:20  Nexus  
  21  5:31  Probe (Chrono Boost)  
  22  5:38  Photon Cannon  
  22  5:42  Probe (Chrono Boost)  
  23  5:51  Photon Cannon  
  23  5:55  Photon Cannon  
  23  5:56  Warp Gate  
  23  6:08  Protoss Ground Armor Level 1  
  25  6:20  Mothership Core (Chrono Boost)  
  25  6:24  Pylon  
  25  6:37  Probe (Chrono Boost)  
  26  6:47  Photon Cannon  
  26  6:48  Probe (Chrono Boost)  
  26  6:52  Photon Cannon  
  27  7:01  Photon Cannon  
  27  7:06  Photon Cannon  
  27  7:15  Photon Cannon  
  27  7:27  Pylon  
  27  7:45  Probe (Chrono Boost)  
  27  7:46  Twilight Council  
  27  7:49  Probe (Chrono Boost)  
  29  7:56  Probe (Chrono Boost)  
  30  8:01  Probe (Chrono Boost)  
  31  8:06  Probe (Chrono Boost)  
  31  8:08  Gateway  
  31  8:09  Gateway  
  33  8:13  Probe (Chrono Boost)  
  33  8:17  Probe (Chrono Boost)  
  34  8:24  Pylon  
  34  8:25  Probe (Chrono Boost)  
  35  8:27  Probe (Chrono Boost)  
  35  8:30  Pylon  
  36  8:34  Pylon  
  36  8:47  Pylon  
  36  8:56  Pylon  
  36  9:16  Pylon  
  36  9:18  Photon Cannon  
  36  9:21  Photon Cannon  
  36  9:34  Photon Cannon  
  36  9:39  Dark Shrine  
  36  9:59  Pylon  
  36  10:03  Assimilator  
  36  10:04  Probe (Chrono Boost)  
  36  10:07  Assimilator  
  38  10:08  Probe (Chrono Boost)  
  38  10:15  Probe (Chrono Boost)  
  38  10:17  Stalker  
  38  10:18  Stalker  
  38  10:19  Stalker x2  
  38  10:20  Probe (Chrono Boost)  
  48  10:25  Probe (Chrono Boost)  
  48  10:26  Nexus  
  49  10:30  Pylon  
  49  10:32  Pylon, Probe (Chrono Boost)  
  50  10:36  Probe (Chrono Boost)  
  50  10:37  Pylon  
  50  10:42  Pylon  
  51  10:54  Pylon  
  51  10:58  Pylon  
Show
View Real Time Build Order
Export as new Build Order

Nachtrauch Protoss 

Build Orders:  

Get SALT Encoding   

  12  0:01  Probe (Chrono Boost)  
  13  0:12  Probe (Chrono Boost)  
  14  0:20  Pylon  
  14  0:22  Probe (Chrono Boost)  
  15  0:38  Probe (Chrono Boost)  
  16  0:44  Gateway  
  16  0:49  Probe (Chrono Boost)  
  17  0:57  Gateway  
  17  0:59  Probe (Chrono Boost)  
  17  1:03  Assimilator  
  18  1:10  Probe (Chrono Boost)  
  19  1:12  Pylon  
  19  1:22  Probe (Chrono Boost)  
  20  1:34  Assimilator  
  20  1:39  Cybernetics Core  
  20  1:42  Gateway  
  20  1:52  Pylon  
  20  1:55  Probe (Chrono Boost)  
  21  2:06  Probe (Chrono Boost)  
  22  2:16  Probe (Chrono Boost)  
  22  2:17  Warp Gate  
  23  2:30  Stalker x3  
  29  2:42  Gateway  
  29  3:00  Stalker x2  
  29  3:01  Stalker  
  35  3:28  Pylon  
  35  3:31  Pylon  
  35  3:32  Stalker x2  
  27  5:06  Stalker x2  
  27  5:07  Stalker x2  
  33  5:20  Nexus  
  33  5:22  Pylon  
  33  5:23  Pylon  
  33  5:26  Assimilator  
  33  5:30  Assimilator, Probe (Chrono Boost)  
  33  5:33  Stalker x2  
  33  5:34  Stalker x2  
  42  5:41  Probe (Chrono Boost)  
  43  5:49  Twilight Council  
  43  5:51  Probe (Chrono Boost)  
  43  5:53  Forge  
  42  6:09  Stalker x2  
  46  6:15  Probe (Chrono Boost)  
  47  6:26  Probe (Chrono Boost)  
  44  6:58  Blink  
  44  6:59  Protoss Ground Weapons Level 1  
  44  7:02  Stalker x3  
  44  7:03  Stalker  
  50  7:12  Probe (Chrono Boost)  
  51  7:23  Probe (Chrono Boost)  
  52  7:33  Probe (Chrono Boost)  
  52  7:34  Stalker x3  
  52  7:35  Stalker  
  60  7:44  Probe (Chrono Boost)  
  60  8:00  Stalker x3  
  60  8:01  Stalker  
  68  8:08  Probe (Chrono Boost)  
  69  8:17  Probe (Chrono Boost)  
  69  8:18  Probe (Chrono Boost)  
  71  8:29  Probe x2 (Chrono Boost)  
  73  8:38  Stalker x4, Protoss Ground Armor Level 1  
  82  8:42  Probe (Chrono Boost)  
  82  9:35  Stalker x2  
  86  9:55  Pylon  
  86  9:57  Pylon  
  86  10:00  Pylon  
  86  10:03  Robotics Facility  
  86  10:05  Robotics Facility  
  86  10:13  Nexus  
  86  10:15  Stalker x4, Assimilator  
  86  10:20  Assimilator  
Show
View Real Time Build Order
Export as new Build Order

Loken Zerg 

Build Orders: Pool First 

Get SALT Encoding   

  12  0:01  Drone  
  13  0:12  Drone  
  14  0:17  Overlord  
  14  0:36  Spawning Pool  
  14  0:38  Drone  
  14  0:42  Drone  
  15  0:46  Drone  
  16  0:53  Drone  
  17  0:58  Extractor  
  17  1:04  Overlord  
  16  1:23  Queen  
  18  1:28  Drone x2  
  20  1:37  Drone  
  21  2:00  Hatchery  
  20  2:07  Roach Warren  
  19  2:10  Drone x2  
  19  2:11  Drone  
  22  2:47  Roach x4  
  22  2:50  Overlord  
  30  2:54  Spine Crawler  
  29  2:59  Extractor  
  29  3:01  Roach  
  30  3:21  Roach x3  
  30  3:25  Ravager  
  37  3:58  Roach  
  37  3:59  Roach x2  
  43  4:07  Drone  
  43  4:09  Overlord x2  
  42  4:44  Roach x4  
  46  4:48  Drone  
  46  4:49  Drone x2  
  41  5:07  Queen  
  41  5:10  Roach x3  
  41  5:13  Drone x2  
  51  5:23  Ravager  
  52  5:29  Drone  
  52  5:31  Queen  
  52  5:34  Roach  
  57  5:36  Overlord x2  
  55  6:07  Roach  
  55  6:08  Roach x3  
  33  6:40  Zergling x10  
  33  6:44  Drone x5  
  43  6:49  Hatchery, Queen  
  43  6:57  Spawning Pool  
  43  6:58  Drone  
  43  6:59  Roach Warren  
  20  7:23  Drone x4  
    8:34  Drone  
  1  10:09  Hatchery  
Show
View Real Time Build Order
Export as new Build Order

dallaskuken Protoss 

Build Orders:  

Get SALT Encoding   

  12  0:01  Probe (Chrono Boost)  
  13  0:12  Probe (Chrono Boost)  
  14  0:18  Pylon  
  14  0:23  Probe (Chrono Boost)  
  15  0:36  Probe (Chrono Boost)  
  15  0:38  Gateway  
  16  0:47  Probe (Chrono Boost)  
  17  0:52  Assimilator  
  17  0:57  Probe (Chrono Boost)  
  18  1:08  Probe (Chrono Boost)  
  19  1:37  Zealot  
  21  2:14  Zealot  
  8  3:04  Zealot  
  9  3:51  Nexus  
  9  3:56  Nexus  
  8  4:19  Pylon  
  6  5:06  Probe (Chrono Boost)  
  8  5:14  Probe (Chrono Boost)  
  8  5:17  Probe (Chrono Boost)  
  9  5:25  Probe (Chrono Boost)  
  10  5:30  Probe (Chrono Boost)  
  11  5:37  Probe (Chrono Boost)  
  11  5:42  Probe (Chrono Boost)  
  13  5:51  Probe (Chrono Boost)  
  13  5:53  Probe (Chrono Boost)  
  15  6:03  Probe (Chrono Boost)  
  17  6:04  Probe (Chrono Boost)  
  17  6:14  Probe x2 (Chrono Boost)  
  19  6:20  Gateway  
  19  6:22  Pylon  
  19  6:45  Probe (Chrono Boost)  
  19  6:46  Probe (Chrono Boost)  
  21  6:55  Assimilator, Probe (Chrono Boost)  
  21  6:57  Probe (Chrono Boost)  
  21  6:59  Assimilator  
  23  7:06  Probe (Chrono Boost)  
  23  7:07  Probe (Chrono Boost)  
  23  7:08  Cybernetics Core  
  25  7:16  Probe (Chrono Boost)  
  25  7:18  Probe (Chrono Boost)  
  27  7:27  Assimilator, Probe (Chrono Boost)  
  27  7:28  Probe (Chrono Boost)  
  29  7:31  Assimilator  
  29  7:35  Pylon  
  29  7:37  Pylon, Probe (Chrono Boost)  
  29  7:39  Probe (Chrono Boost)  
  29  7:40  Pylon  
  31  7:46  Adept  
  33  8:04  Stargate  
  33  8:06  Probe (Chrono Boost)  
  33  8:10  Probe (Chrono Boost)  
  35  8:17  Probe (Chrono Boost)  
  36  8:20  Probe (Chrono Boost)  
  36  8:23  Stargate  
  36  8:26  Stargate  
  37  8:28  Probe (Chrono Boost)  
  37  8:31  Probe (Chrono Boost)  
  39  8:38  Probe (Chrono Boost)  
  40  8:41  Probe (Chrono Boost)  
  41  8:49  Probe (Chrono Boost)  
  41  8:52  Probe (Chrono Boost)  
  43  8:58  Fleet Beacon  
  43  8:59  Probe (Chrono Boost)  
  45  9:03  Probe (Chrono Boost)  
  45  9:09  Void Ray  
  50  9:10  Pylon, Probe (Chrono Boost)  
  50  9:12  Pylon  
  50  9:13  Probe (Chrono Boost)  
  50  9:14  Pylon  
  51  9:20  Probe (Chrono Boost)  
  51  9:24  Probe (Chrono Boost)  
  53  9:31  Probe (Chrono Boost)  
  54  9:34  Probe (Chrono Boost)  
  54  9:38  Void Ray  
  55  9:45  Probe (Chrono Boost)  
  66  9:54  Pylon  
  66  9:56  Pylon  
Show
View Real Time Build Order
Export as new Build Order

Myran Protoss 

Build Orders:  

Get SALT Encoding   

  12  0:01  Probe (Chrono Boost)  
  13  0:12  Probe (Chrono Boost)  
  14  0:23  Pylon  
  14  0:25  Probe (Chrono Boost)  
  15  0:41  Probe (Chrono Boost)  
  16  0:43  Forge  
  16  0:52  Probe (Chrono Boost)  
  17  1:12  Pylon  
  17  1:16  Probe (Chrono Boost)  
  18  1:26  Probe (Chrono Boost)  
  19  1:37  Probe (Chrono Boost)  
  20  1:48  Pylon  
  20  1:50  Probe (Chrono Boost)  
  21  1:56  Gateway  
  21  1:57  Gateway  
  21  2:00  Probe (Chrono Boost)  
  22  2:04  Assimilator  
  22  2:19  Photon Cannon  
  21  2:30  Pylon  
  21  2:40  Pylon  
  21  2:52  Photon Cannon  
  21  2:55  Photon Cannon  
  21  2:56  Photon Cannon  
  21  3:04  Photon Cannon  
  21  3:11  Photon Cannon  
  21  3:14  Zealot x2  
  21  3:15  Photon Cannon  
  25  3:30  Photon Cannon  
  25  3:32  Photon Cannon  
  25  3:45  Photon Cannon  
  25  3:47  Photon Cannon  
  25  3:53  Zealot  
  25  3:54  Zealot  
  29  4:12  Photon Cannon  
  29  4:15  Pylon  
  29  4:18  Pylon  
  29  4:23  Pylon  
  29  4:27  Cybernetics Core  
  29  4:33  Zealot  
  29  4:36  Zealot, Probe (Chrono Boost)  
  34  4:47  Probe (Chrono Boost)  
  35  5:07  Zealot x2  
  35  5:15  Photon Cannon  
  35  5:22  Photon Cannon  
  35  5:24  Twilight Council, Probe (Chrono Boost)  
  35  5:26  Assimilator  
  36  5:33  Warp Gate  
  36  5:44  Zealot x2  
  40  5:53  Photon Cannon  
  40  5:55  Pylon  
  41  6:11  Probe (Chrono Boost)  
  41  6:17  Zealot x2  
  45  6:22  Probe (Chrono Boost)  
  46  6:30  Protoss Ground Weapons Level 1  
  46  6:44  Stalker x2  
  34  7:08  Photon Cannon  
  34  7:10  Photon Cannon, Pylon  
  34  7:14  Stalker  
  30  7:47  Stalker x2  
  34  8:17  Stalker  
  34  8:18  Nexus  
  36  8:35  Photon Cannon  
  36  8:48  Photon Cannon  
Tags
 
Add a new tag
Caveats
  • Supply blocks, unpowered buildings, or Contaminate may cause inaccurate times.
  • Supply counts are checked every 10 seconds.